Map: Ruins of Seras

Players

ShadowRaven

  • Race: Terran Terran
  • League: Platinum

A.I. 1 (Very Easy) - Winner!

  • Race: Zerg Zerg

VOD

https://youtu.be/vNbE8E_ek30

Description

A demonstration of the build that Samsung Galaxy's Reality used vs SKT1's Dark in SPL2016.

Time

  • Played on: March 2, 2016, 10:30 p.m.
  • Length: 6:37
Show
View Real Time Build Order
Export as new Build Order

ShadowRaven Terran 

Build Orders: Reaper Expand 

Get SALT Encoding   

  12  0:00  SCV  
  13  0:12  SCV  
  14  0:17  Supply Depot  
  14  0:25  SCV  
  15  0:39  SCV  
  15  0:40  Barracks  
  16  0:45  Refinery  
  16  0:51  SCV  
  17  1:03  SCV  
  18  1:15  SCV  
  19  1:27  Orbital Command  
  19  1:28  Reaper  
  20  1:42  Command Center  
  20  1:53  SCV  
  21  1:54  Supply Depot  
  21  2:00  Marine  
  22  2:06  SCV  
  23  2:10  Factory  
  23  2:18  Marine, SCV  
  23  2:21  Refinery  
  25  2:30  SCV  
  25  2:36  Marine  
  27  2:42  SCV  
  28  2:53  Marine  
  28  2:54  SCV, Factory Tech Lab, Starport  
  28  2:56  Orbital Command  
  30  3:06  SCV  
  30  3:11  Marine  
  30  3:12  Siege Tank  
  35  3:18  Supply Depot, SCV  
  36  3:23  SCV  
  37  3:30  Medivac  
  37  3:31  SCV  
  37  3:32  Marine  
  41  3:37  SCV  
  42  3:43  SCV  
  42  3:46  Supply Depot  
  43  3:49  SCV  
  43  3:52  Marine  
  43  3:53  Siege Tank  
  48  3:59  SCV  
  49  4:06  Command Center  
  49  4:07  SCV  
  50  4:10  Marine  
  50  4:14  Medivac  
  53  4:17  Supply Depot  
  53  4:20  SCV x2  
  55  4:32  SCV x2  
  57  4:44  Barracks, SCV x2  
  57  4:45  Barracks  
  59  4:48  Factory Reactor  
  59  4:49  Starport Reactor  
  59  4:52  Refinery x2  
  59  4:56  SCV x2  
  61  5:02  Engineering Bay x2  
  61  5:08  SCV x2  
  63  5:20  SCV x2  
  66  5:21  Barracks  
  66  5:22  Barracks  
  66  5:26  Orbital Command  
  66  5:32  SCV  
  66  5:36  Supply Depot  
  66  5:38  Supply Depot  
  66  5:46  Starport Reactor  
  66  5:47  Factory Reactor, Marine x5  
  71  5:53  SCV x3  
  74  6:03  Supply Depot  
  74  6:05  Marine, SCV x2  
  74  6:09  SCV  
  78  6:11  Marine x2  
  78  6:12  Marine, Barracks Reactor x2  
  78  6:13  Marine  
  78  6:17  SCV x2  
  84  6:22  Supply Depot  
  84  6:29  Supply Depot  
Show
View Real Time Build Order
Export as new Build Order

A.I. 1 (Very Easy) Zerg - Winner!

Build Orders: Hatch First 

Get SALT Encoding   

  12  0:01  Drone  
  13  0:12  Overlord  
  13  0:17  Drone  
  14  0:44  Hatchery  
  14  0:46  Drone  
  14  1:05  Spawning Pool  
  14  1:07  Extractor  
  14  1:09  Drone  
  13  1:16  Drone  
  14  1:21  Overlord  
  14  1:52  Zergling x2  
  14  1:53  Queen  
  17  1:54  Zergling x2  
  18  2:01  Roach Warren  
  18  2:06  Drone  
  18  2:10  Extractor  
  18  2:13  Drone  
  18  2:18  Zergling x2  
  19  2:23  Drone  
  20  2:30  Drone  
  21  2:37  Drone  
  22  2:44  Drone  
  23  2:51  Drone  
  24  2:58  Drone  
  24  3:03  Roach  
  27  3:06  Drone  
  27  3:11  Overlord  
  28  3:17  Drone  
  29  3:24  Drone  
  30  3:30  Lair  
  30  3:31  Drone  
  31  3:43  Drone  
  32  3:48  Roach  
  32  3:51  Drone  
  35  3:58  Drone  
  35  4:01  Overlord  
  36  4:05  Drone  
  37  4:12  Drone  
  38  4:19  Drone  
  39  4:26  Drone  
  39  4:29  Overseer  
  39  4:31  Overseer  
  40  4:33  Ravager  
  40  4:34  Roach, Drone  
  44  4:41  Drone  
  44  4:42  Overlord  
  45  4:48  Drone  
  46  4:55  Drone  
  46  4:59  Extractor  
  46  5:02  Drone  
  46  5:03  Extractor  
  46  5:10  Drone  
  47  5:17  Drone  
  48  5:24  Drone  
  49  5:31  Drone  
  50  5:38  Drone  
  51  5:45  Drone  
Tags
 
Add a new tag
Caveats
  • Supply blocks, unpowered buildings, or Contaminate may cause inaccurate times.
  • Supply counts are checked every 10 seconds.